 Dungeon Crawl Stone Soup version 0.25-a0-523-g9afb2ee040 (webtiles) character file.

Game seed: 18150289744272478703, levelgen mode: deterministic

28368 Flugslaktarn the Severer (level 13, 0/183 HPs)
             Began as a Deep Dwarf Fighter on Feb 18, 2020.
             Was the Champion of Makhleb.
             Slain by a 20-headed hydra (1 damage)
             ... on level 13 of the Dungeon.
             The game lasted 00:07:31 (8679 turns).

Flugslaktarn the Severer (Deep Dwarf Fighter)       Turns: 8679, Time: 00:07:32

Health: 0/183      AC: 21    Str: 30    XL:     13   Next: 9%
Magic:  8/8        EV:  8    Int:  9    God:    Makhleb [******]
Gold:   730        SH: 13    Dex: 12    Spells: 12/12 levels left

rFire    + . .     SeeInvis .   F - +3 broad axe
rCold    . . .     Gourm    .   c - +0 kite shield
rNeg     . . .     Faith    .   z - +0 chain mail {rF+}
rPois    +         Spirit   .   n - +2 helmet
rElec    .         Reflect  .   B - +0 cloak
rCorr    .         Harm     .   j - +0 pair of gloves
MR       +....                  (no boots)
Stlth    ..........             (no amulet)
HPRegen  0.00/turn              o - ring of poison resistance
MPRegen  0.11/turn              p - +3 ring of protection

@: berserking, marked, non-regenerating, very quick
A: damage resistance, heal wounds, sense surroundings 2, no regeneration
a: Heal Wounds, Minor Destruction, Lesser Servant of Makhleb, Major Destruction,
Greater Servant of Makhleb, Renounce Religion


You were on level 13 of the Dungeon.
You worshipped Makhleb.
Makhleb was exalted by your worship.
You were not hungry.

You visited 2 branches of the dungeon, and saw 14 of its levels.

You collected 730 gold pieces.

Inventory:

Hand Weapons
 a - a +1 war axe
 F - a +3 broad axe (weapon)
   (You took it off a death knight on level 11 of the Dungeon)
Armour
 c - a +0 kite shield (worn)
 g - a +0 plate armour
   (You found it on level 6 of the Dungeon)
 j - a +0 pair of gloves (worn)
   (You found it on level 2 of the Dungeon)
 n - a +2 helmet (worn)
   (You found it on level 9 of the Dungeon)
 z - a +0 chain mail of fire resistance (worn)
   (You found it on level 11 of the Dungeon)
 B - a +0 cloak (worn)
   (You took it off Maurice on level 8 of the Dungeon)
Jewellery
 o - a ring of poison resistance (left hand)
   (You found it on level 2 of the Dungeon)
 p - a +3 ring of protection (right hand)
   (You found it on level 2 of the Dungeon)
 E - the ring of the Skies Above {-Tele rF- rC+ Int+7 Dex+8}
   (You took it off a wizard on level 11 of the Dungeon)

   [ring of protection from cold]

   It affects your intelligence (+7).
   It affects your dexterity (+8).
   It makes you vulnerable to fire.
   It protects you from cold.
   It prevents most forms of teleportation.
Wands
 i - a wand of enslavement (7)
   (You took it off Maggie on level 7 of the Dungeon)
 k - a wand of iceblast (6)
   (You took it off Maurice on level 8 of the Dungeon)
 v - a wand of digging (3)
   (You found it on level 13 of the Dungeon)
 y - a wand of acid (15)
   (You found it on level 9 of the Dungeon)
 D - a wand of paralysis (13)
   (You found it on level 6 of the Dungeon)
Scrolls
 b - 2 scrolls of enchant weapon
 l - 4 scrolls of magic mapping
 r - 9 scrolls of identify
 t - 7 scrolls of teleportation
 u - a scroll of fog
 w - 10 scrolls of remove curse
Potions
 d - 2 potions of might
 f - 2 potions of magic
 h - 2 potions of haste
 m - 2 potions of brilliance
 q - 5 potions of curing
 s - 4 potions of heal wounds
 x - a potion of stabbing
 A - 3 potions of berserk rage
 C - a potion of mutation {unknown}
 G - 3 potions of flight
Comestibles
 e - 27 rations
 H - 2 chunks of flesh


   Skills:
 + Level 9.7 Fighting
 * Level 15.0 Axes
 + Level 11.4 Armour
 + Level 11.4 Shields


You had 12 spell levels left.
You didn't know any spells.
Your spell library was empty.

Dungeon Overview and Level Annotations

Branches:
Dungeon (13/15)            Temple (1/1) D:4            Lair (0/6) D:8
    Orc (0/2) D:10
 Vaults: D:13-14

Altars:
Ashenzari
Cheibriados
Dithmenos
Elyvilon
Fedhas
Gozag
Hepliaklqana
Kikubaaqudgha
Makhleb
Nemelex Xobeh
Okawaru
Qazlal
Ru
Sif Muna
Trog
Uskayaw
Vehumet
Wu Jian
Xom
Yredelemnul
Zin
The Shining One

Shops:
D:6 *

Annotations:
D:1 1 runed translucent door
D:12 4 runed translucent doors, Frances; TomasB23's ghost, journeyman TrBe


Innate Abilities, Weirdness & Mutations

You are resistant to damage.
You can heal yourself by infusing magical energy.
You passively map the area around you.
You do not regenerate.


Message History

You feel better.
Your Axes skill increases to level 15!
You slash the deep elf knight!
The 20-headed hydra bites you but does no damage.
You block the 20-headed hydra's attack. x2
The 20-headed hydra bites you but does no damage. x2
You block the 20-headed hydra's attack. The 20-headed hydra bites you.
* * * LOW HITPOINT WARNING * * *
The 20-headed hydra bites you.
The 20-headed hydra bites you but does no damage.
The 20-headed hydra bites you!
* * * LOW HITPOINT WARNING * * *
The 20-headed hydra bites you.
* * * LOW HITPOINT WARNING * * *
The 20-headed hydra closely misses you. The 20-headed hydra barely misses you.
The 20-headed hydra bites you!
* * * LOW HITPOINT WARNING * * *
The 20-headed hydra bites you but does no damage.
You block the 20-headed hydra's attack. The 20-headed hydra bites you.
You die...

, ,,, ,, #.........#.#
*, ####.........#.# , ,,
.............#.## , ,
................. * , ,
* #............. , , ,
#DY........... * * ***
###l............
#########.Ycc......#....
..(...Z@O.###..#.###....
*......Dec.#
##...#*#.... ......cJ.##
###...#.... .".......#
#.#...... .....##### *
#.##. .. ..... > ,, ,.
.... * * * ,≈ ,.... , .
* ,,,, , , ,,,, *##


You could see a 20-headed hydra, a slime creature, a two-headed ogre, a deep elf
knight, a komodo dragon, 2 yaks, 4 centaurs and a wolf spider zombie.

Vanquished Creatures
  A rakshasa (D:12)
  3 two-headed ogres
  A death knight (D:11)
  A centaur warrior (D:11)
  Urug (D:10)
  2 unseen horrors
  A wizard (D:11)
  An orc knight (D:12)
  4 ugly things
  4 deep elf magi
  3 manticores
  An elephant (D:8)
  A black mamba (shapeshifter) (D:13)
  Maurice (D:8)
  4 orange demons (D:13)
  2 gargoyles
  A komodo dragon (D:10)
  Maggie (D:7)
  2 trolls (D:11)
  Prince Ribbit (D:7)
  A hornet (D:11)
  A hippogriff (D:7)
  3 slime creatures (D:13)
  A tarantella (shapeshifter) (D:12)
  3 wyverns
  10 yaks
  A human (D:11)
  2 basilisks
  3 hogs (D:11)
  6 vampire mosquitoes
  2 hungry ghosts (D:11)
  An acid dragon (D:12)
  A water moccasin (D:12)
  9 orc warriors
  A necrophage (D:10)
  6 sky beasts
  7 ogres
  5 phantoms
  3 ice beasts
  An eye of draining (D:12)
  10 centaurs
  3 crocodiles
  2 big kobolds
  5 bullfrogs
  4 scorpions (D:13)
  A water moccasin skeleton (D:7)
  21 killer bees
  7 wights
  2 troll zombies (D:10)
  3 howler monkeys
  4 bullfrog zombies
  6 crimson imps
  8 bullfrog skeletons
  4 jellies
  9 orc priests
  5 hounds
  18 orc wizards
  3 centaur skeletons
  3 iguanas
  12 worker ants
  6 ogre zombies (D:10)
  A hound skeleton (D:5)
  2 worker ant zombies
  A howler monkey skeleton (D:5)
  10 adders
  7 gnolls
  A shadow imp (D:11)
  An adder zombie (D:7)
  4 adder skeletons
  A worm (D:2)
  A dart slug (D:3)
  2 leopard geckos
  38 orcs
  3 bats
  4 giant cockroaches
  7 goblins
  3 hobgoblins
  18 jackals
  5 quokkas
  4 ball pythons
  4 frilled lizards
  3 goblin skeletons (D:10)
  2 goblin zombies (D:10)
  A hobgoblin skeleton (D:10)
  3 hobgoblin zombies (D:10)
  A jackal zombie (D:8)
  12 kobolds
  An orc skeleton (D:10)
  15 orc zombies (D:10)
  5 rats (D:2)
399 creatures vanquished.

Vanquished Creatures (collateral kills)
  Pikel (D:8)
  A hippogriff (D:8)
  2 killer bees (D:8)
  A hound skeleton (D:8)
5 creatures vanquished.

Vanquished Creatures (others)
  A slave (D:8)
  A killer bee (D:12)
  A bullfrog skeleton (D:11)
  An orc wizard (D:7)
4 creatures vanquished.

Grand Total: 408 creatures vanquished

Notes
Turn   | Place    | Note
-------+----------+-------------------------------------------
     0 | D:1      | Flugslaktarn the Deep Dwarf Fighter began the quest for the
                  | Orb.
     0 | D:1      | Reached XP level 1. HP: 20/20 MP: 1/1
     2 | D:1      | Found a runed translucent door.
   100 | D:2      | Reached XP level 2. HP: 25/27 MP: 2/2
   371 | D:2      | Reached skill level 3 in Axes
   371 | D:2      | Reached XP level 3. HP: 34/34 MP: 3/3
   459 | D:2      | Found a blossoming altar of Fedhas.
   575 | D:2      | Found a hide-covered altar of Uskayaw.
   603 | D:3      | Reached XP level 4. HP: 42/42 MP: 4/4
   797 | D:3      | Reached skill level 4 in Axes
   797 | D:3      | Reached XP level 5. HP: 39/49 MP: 5/5
   830 | D:3      | Found a hazy altar of Hepliaklqana.
   831 | D:3      | Found a shimmering altar of Xom.
   832 | D:3      | Noticed a spectral ugly thing
  1172 | D:4      | Found a staircase to the Ecumenical Temple.
  1208 | Temple   | Entered the Ecumenical Temple
  1392 | Temple   | Became a worshipper of Makhleb the Destroyer
  1448 | D:4      | Noticed an ogre
  1454 | D:4      | Killed an ogre
  1454 | D:4      | Reached XP level 6. HP: 34/57 MP: 6/6
  1504 | D:4      | Reached skill level 5 in Axes
  1884 | D:4      | Reached * piety under Makhleb
  1884 | D:4      | Reached XP level 7. HP: 30/64 MP: 7/7
  1929 | D:4      | Reached skill level 5 in Armour
  1929 | D:4      | Reached skill level 5 in Shields
  1967 | D:4      | Reached skill level 6 in Axes
  2034 | D:5      | Entered Level 5 of the Dungeon
  2141 | D:5      | Reached XP level 8. HP: 46/73 MP: 8/8
  2148 | D:5      | Reached skill level 7 in Axes
  2648 | D:6      | Found an opulent altar of Gozag.
  2653 | D:6      | Found Gozag's Platinum Reserve.
  2755 | D:6      | Reached skill level 5 in Fighting
  3231 | D:7      | Noticed Prince Ribbit
  3232 | D:7      | Reached skill level 8 in Axes
  3244 | D:7      | Reached ** piety under Makhleb
  3355 | D:7      | Gained mutation: You passively map the area around you.
                  | [Deep Dwarf growth]
  3355 | D:7      | Reached XP level 9. HP: 65/81 MP: 8/8
  3439 | D:7      | Reached skill level 9 in Axes
  3515 | D:7      | Killed Prince Ribbit
  3700 | D:7      | Found a white marble altar of Elyvilon.
  3712 | D:7      | Noticed Maggie
  3727 | D:7      | Killed Maggie
  3778 | D:7      | Found a sparkling altar of Nemelex Xobeh.
  3819 | D:7      | Reached skill level 10 in Axes
  3995 | D:8      | Found a shimmering blue altar of Sif Muna.
  4005 | D:8      | Found an ancient bone altar of Kikubaaqudgha.
  4006 | D:8      | Found an ornate altar of the Wu Jian Council.
  4014 | D:8      | Found a basalt altar of Yredelemnul.
  4065 | D:8      | Reached XP level 10. HP: 56/92 MP: 9/9
  4090 | D:8      | Found a staircase to the Lair.
  4090 | D:8      | Noticed an elephant
  4100 | D:8      | Killed an elephant
  4100 | D:8      | Reached *** piety under Makhleb
  4128 | D:8      | Noticed a two-headed ogre
  4129 | D:8      | Noticed Pikel
  4164 | D:8      | Killed Pikel
  4171 | D:8      | Killed a two-headed ogre
  4171 | D:8      | Reached skill level 11 in Axes
  4232 | D:8      | Noticed Maurice
  4258 | D:8      | Killed Maurice
  5198 | D:9      | Reached **** piety under Makhleb
  5414 | D:10     | Entered Level 10 of the Dungeon
  5427 | D:10     | Reached XP level 11. HP: 98/100 MP: 10/10
  5542 | D:10     | Noticed a two-headed ogre
  5548 | D:10     | Killed a two-headed ogre
  5548 | D:10     | Reached skill level 12 in Axes
  5744 | D:10     | Noticed Urug
  5778 | D:10     | Killed Urug
  5919 | D:10     | Found a staircase to the Orcish Mines.
  5930 | D:10     | Reached ***** piety under Makhleb
  6411 | D:11     | Found a burning altar of Makhleb.
  6429 | D:11     | Noticed a deep elf mage
  6450 | D:11     | Killed a deep elf mage
  6465 | D:11     | Noticed a red ugly thing
  6476 | D:11     | Noticed a centaur warrior
  6476 | D:11     | Identified the ring of the Skies Above {-Tele rF- rC+ Int+7
                  | Dex+8}
  6476 | D:11     | Noticed a wizard
  6498 | D:11     | Reached skill level 10 in Shields
  6499 | D:11     | Killed a wizard
  6499 | D:11     | Reached skill level 13 in Axes
  6499 | D:11     | Reached skill level 10 in Armour
  6509 | D:11     | Killed a centaur warrior
  6511 | D:11     | Killed a red ugly thing
  6553 | D:11     | Killed an unseen horror
  6553 | D:11     | Reached XP level 12. HP: 74/112 MP: 9/9
  6625 | D:11     | Noticed a death knight
  6649 | D:11     | Killed a death knight
  7549 | D:12     | Noticed a two-headed ogre
  7559 | D:12     | Killed a two-headed ogre
  7778 | D:12     | Noticed a rakshasa
  7801 | D:12     | Killed a rakshasa
  7801 | D:12     | Reached skill level 14 in Axes
  7841 | D:12     | Reached ****** piety under Makhleb
  7875 | D:12     | Found a large runed translucent door.
  7875 | D:12     | Found a large runed translucent door.
  7878 | D:12     | Noticed TomasB23's ghost (journeyman TrBe)
  7964 | D:12     | Found a large runed translucent door.
  7970 | D:12     | Found a large runed translucent door.
  8357 | D:12     | Noticed Frances
  8571 | D:13     | Reached XP level 13. HP: 122/122 MP: 9/9
  8676 | D:13     | Noticed a storm dragon
  8679 | D:13     | Reached skill level 15 in Axes
  8679 | D:13     | HP: 9/183 [20-headed hydra (2)]
  8679 | D:13     | HP: 1/183 [20-headed hydra (8)]
  8679 | D:13     | Slain by a 20-headed hydra

Levels and vault maps discovered:
D:1:      dpeg_arrival_caged_fury, layout_basic
D:2:      layout_basic, marbit_many_paths, lemuel_crystal_altar, minivault_23
D:3:      layout_rooms, regret_index_temple_of_mockery, first_ration,
          amethyst_killhole
D:4:      minmay_razor_zed, layout_rooms, minmay_temple_entry_statues_fountains
D:5:      layout_rooms
D:6:      layout_loops_ring, nicolae_gozag_zags_fifth_avenue
D:7:      layout_loops_ring, elyvilon_altar_3,
          nemelex_xobeh_ov_fountains_minmay, uniq_maggie, uniq_prince_ribbit1
D:8:      layout_cave_pools, chequers_temple_overflow_statue_of_worship,
          david_lair_generic, uniq_pikel, uniq_maurice
D:9:      layout_loops_ring
D:10:     layout_loops_ring, zombieorc2_lemuel, uniq_urug
D:11:     minmay_the_grid_triangle_9x9_rhombus_full_mashed
          [minmay_the_grid_triangle_9x9_limited_checkers,
          minmay_the_grid_triangle_9x9_stretched_checkered,
          minmay_the_grid_triangle_9x9_windchime,
          minmay_the_grid_triangle_9x9_zippers_horizontal,
          minmay_the_grid_triangle_9x9_shrine,
          minmay_the_grid_triangle_9x9_semitri,
          minmay_the_grid_triangle_9x9_warning,
          minmay_the_grid_triangle_9x9_prize_schism], layout_stronghold,
          grunt_livestock
D:12:     layout_loops_ring, ebering_ghost_disaster_area, jmf_multi_god_temple2,
          uniq_frances
D:13:     layout_rooms, david_vaults_2, serial_rivers,
          chequers_serial_rivers_micro_e, chequers_serial_rivers_marsh,
          chequers_serial_rivers_micro_a, chequers_serial_rivers_marsh,
          einodemon_barbed_minivault
Temple:   minmay_temple_bridge_abc

Skill      XL: |  1  2  3  4  5  6  7  8  9 10 11 12 13 |
---------------+----------------------------------------+-----
Fighting       | 3 4 5 6 7 8 9 |  9.7
Axes           | 3 4 5 6 8 10 11 13 14 15 | 15.0
Armour         | 4 5 6 7 9 10 11 | 11.4
Shields        | 4 5 6 7 9 10 11 | 11.4

Action                   |  1- 3 |  4- 6 |  7- 9 | 10-12 | 13-15 || total
-------------------------+-------+-------+-------+-------+-------++-------
Melee: War axe           |    92 |   192 |   441 |   609 |       ||  1334
       Broad axe         |       |       |       |   262 |    41 ||   303
Invok: Lesser Servant of |       |       |       |     2 |       ||     2
 Abil: Heal Wounds       |     2 |     3 |     9 |    11 |     1 ||    26
  Use: Scroll            |       |       |    16 |     3 |       ||    19
       Potion            |       |       |       |     1 |     1 ||     2
  Eat: Chunk             |       |     4 |     5 |    18 |     1 ||    28
       Ration            |       |       |     1 |       |       ||     1
Armor: Scale mail        |    46 |    74 |    52 |       |       ||   172
       Plate armour      |       |       |   226 |   395 |       ||   621
       Chain mail        |       |       |       |   164 |   159 ||   323
Dodge: Dodged            |    33 |    73 |   113 |   221 |    73 ||   513
Block: Kite shield       |    54 |   115 |   270 |   553 |    99 ||  1091

Table legend:
 A = Non-vault XP
 B = Vault XP
 C = Vault XP percentage of total XP
 D = Non-vault monster count
 E = Vault monster count
 F = Vault count percentage of total count
                 A         B        C        D         E       F
            +---------+---------+-------+---------+---------+-------
      Total |   23910 |   16617 |  41.0 |     309 |      97 |  23.9
            +---------+---------+-------+---------+---------+-------
        D:1 |       3 |       0 |   0.0 |       2 |       0 |   0.0
        D:2 |      87 |       2 |   2.2 |      22 |       1 |   4.3
        D:3 |     194 |       0 |   0.0 |      23 |       0 |   0.0
        D:4 |     363 |     526 |  59.2 |      25 |       8 |  24.2
        D:5 |     689 |       0 |   0.0 |      22 |       0 |   0.0
        D:6 |     446 |       0 |   0.0 |       8 |       0 |   0.0
        D:7 |    2052 |     650 |  24.1 |      37 |       2 |   5.1
        D:8 |    2362 |    1645 |  41.1 |      38 |       6 |  13.6
        D:9 |    1942 |       0 |   0.0 |      21 |       0 |   0.0
       D:10 |    3684 |    1394 |  27.5 |      42 |      37 |  46.8
       D:11 |    1593 |    7134 |  81.7 |      12 |      28 |  70.0
       D:12 |    7358 |    1878 |  20.3 |      37 |       4 |   9.8
       D:13 |    3137 |    3388 |  51.9 |      20 |      11 |  35.5
            +---------+---------+-------+---------+---------+-------
